 Dungeon Crawl Stone Soup version 0.30-a0-1103-g25895a7845 (webtiles) character file.

Game seed: 10500318188560928690

35441 Pimp the Fighter (level 13, -4/104 HPs)
             Began as a Demonspawn Fire Elementalist on Apr 18, 2023.
             Was a High Priest of Vehumet.
             Killed from afar by a bog body (33 damage)
             ... with a bolt of cold
             ... on level 1 of the Swamp.
             The game lasted 01:06:42 (18000 turns).

Pimp the Fighter (Demonspawn Fire Elementalist)    Turns: 18000, Time: 01:06:43

Health: -4/104     AC: 14    Str: 18    XL:     13   Next: 47%
Magic:  24/24      EV: 19    Int: 24    God:    Vehumet [*****.]
Gold:   219        SH:  6    Dex: 16    Spells: 8/27 levels left

rFire   + + +      SeeInvis .    g - staff of fire
rCold   x x .      Faith    .    d - +0 buckler
rNeg    + . .      Spirit   .    I - +3 salamander hide armour {Flames, rFlCloud rF++ rC--}
rPois   .          Reflect  .    (no helmet)
rElec   .          Rampage  ∞    (cloak unavailable)
rCorr   .                        k - +0 pair of gloves
Will    +....                    Q - +3 pair of seven-league boots {Rampage+∞}
Stlth   ++                       J - amulet of Brawling {Rampage rN+ Regen+}
HPRegen 1.17/turn                G - ring of Jequdgho {EV+5 Str+3}
MPRegen 0.19/turn                D - ring "Naoreff" {Will+ Str+3 Int+6}

@: lethally poisoned (-4 -> -5), studying Unarmed Combat, very slow
A: yellow scales 2, foul stench 2, icemail 1, condensation shield, weakness
stinger 3, thin skeletal structure 1
a: Renounce Religion


You were on level 1 of the Swamp.
You worshipped Vehumet.
Vehumet was extremely pleased with you.
You visited 5 branches of the dungeon, and saw 16 of its levels.

You collected 1719 gold pieces.
You spent 1500 gold pieces at shops.

Inventory:

Hand Weapons
 c - a +2 hand axe of protection
 P - the +4 long sword "Pireok" {freeze, rC+ Dex+3 Stlth+}
   (You found it on level 2 of the Lair of Beasts)

   Dex:       It affects your dexterity (+3).
   rC:        It protects you from cold.
   Stlth:     It makes you more stealthy.
Missiles
 b - 3 throwing nets
 h - 32 poisoned darts
Armour
 a - an orb of wrath
 d - a +0 buckler (worn)
 k - a +0 pair of gloves (worn)
 x - a +1 cloak
 B - +0 steam dragon scales
 H - a +2 ring mail of cold resistance
 I - the +3 salamander hide armour (worn) {Flames, rFlCloud rF++ rC--}
   (You bought it in a shop on level 2 of the Orcish Mines)

   Flames:    It surrounds you with flame clouds and enhances your fire magic.
   rFlCloud:  It grants immunity to flame clouds.
   rF:        It greatly protects you from fire.
   rC:        It makes you very vulnerable to cold.
 Q - the +3 pair of seven-league boots (worn) {Rampage+∞}
   (You found it on level 2 of the Lair of Beasts)

   Rampage+∞: When moving toward enemies, its wearer moves as far as possible.
Magical Staves
 g - a staff of fire (weapon)
Jewellery
 l - a ring of resist corrosion
 o - a +6 ring of dexterity
 q - a +4 ring of protection
 v - a +6 ring of strength
 D - the ring "Naoreff" (right hand) {Will+ Str+3 Int+6}
   (You found it on level 9 of the Dungeon)

   [ring of intelligence]

   Str:       It affects your strength (+3).
   Int:       It affects your intelligence (+6).
   Will:      It increases your willpower.
 F - a +4 ring of protection
 G - the ring of Jequdgho (left hand) {EV+5 Str+3}
   (You found it on level 10 of the Dungeon)

   [ring of evasion]

   EV:        It affects your evasion (+5).
   Str:       It affects your strength (+3).
 J - the amulet of Brawling (around neck) {Rampage rN+ Regen+}
   (You bought it in a shop on level 2 of the Orcish Mines)

   [amulet of regeneration]

   rN:        It protects you from negative energy.
   Regen:     It increases your rate of health regeneration.
   Rampage:   It bestows one free step when moving towards enemies.
Wands
 n - a wand of mindburst (5)
 s - a wand of roots (11)
 t - a wand of digging (12)
 w - a wand of flame (24)
 y - a wand of paralysis (19)
 K - a wand of polymorph (6)
 M - a wand of quicksilver (7)
Scrolls
 f - 3 scrolls of teleportation
 u - 5 scrolls of identify
 E - a scroll of immolation
 O - 2 scrolls of noise
Potions
 e - a potion of ambrosia
 j - 2 potions of lignification
 m - 2 potions of curing
 p - 3 potions of brilliance
 r - 2 potions of attraction
 z - a potion of invisibility
 A - a potion of mutation
 C - a potion of resistance
 L - a potion of haste
 N - a potion of cancellation


   Skills:
 + Level 10.4 Fighting
 - Level 0.2(1.1) Axes
 - Level 1.8(4.0) Maces & Flails
 - Level 5.6(5.8) Staves
 - Level 6.6 Dodging
 - Level 1.7 Stealth
 - Level 6.1 Shields
 + Level 7.6 Spellcasting
 + Level 8.2 Conjurations
 * Level 8.8 Fire Magic
 - Level 10.0 Poison Magic


You had 8 spell levels left.
You knew the following spells:

 Your Spells              Type           Power      Damage    Failure   Level
a - Foxfire               Conj/Fire      100%       2x1d9     1%          1
b - Scorch                Fire           100%       2d9       1%          2
c - Volatile Blastmotes   Fire/Tloc      100%       2d18      1%          3
d - Flame Wave            Conj/Fire      85%        2d18      1%          4
e - Sandblast             Erth           18%        2d7       2%          1
f - Mephitic Cloud        Conj/Pois/Air  38%        N/A       1%          3
g - Irradiate             Conj/Tmut      14%        3d16      13%         5

Your spell library contained the following spells:

 Spells                   Type           Power      Damage    Failure   Level
 Fireball                 Conj/Fire      42%        3d17      2%          5
 Inner Flame              Hex/Fire       62%        N/A       1%          3
 Passage of Golubria      Tloc           9%         N/A       69%         4
 Silence                  Hex/Air        4%         N/A       95%         5
 Lehudib's Crystal Spear  Conj/Erth      14%        10d5      100%        8


Dungeon Overview and Level Annotations

Branches:
Dungeon (10/15)            Temple (1/1) D:5            Lair (3/5) D:9
  Swamp (1/4) Lair:3       Spider (0/4) Lair:3          Orc (2/2) D:9
    Elf (0/3) Orc:2

Altars:
Ashenzari
Cheibriados
Dithmenos
Fedhas
Gozag
Hepliaklqana
Makhleb
Okawaru
Ru
Sif Muna
Uskayaw
Vehumet
Wu Jian
Xom
Yredelemnul

Shops:
D:1 [   D:8 !   Orc:2 [**=

Annotations:
D:5 3 runed translucent doors, BirdDuck's ghost, novice DsBe
D:10 2 transporters
Lair:3 3 runed translucent doors, jasper's ghost, journeyman SpHu


Innate Abilities, Weirdness & Mutations

You are mostly covered in yellow scales. (AC +3)
You sometimes emit foul miasma when damaged in melee.
A meltable icy envelope protects you from harm. (AC +0)
A meltable shield of frost defends you. (SH +0)
You have a sharp stinger which inflicts weakening toxins.
You have a somewhat thin skeletal structure. (Dex +2, Stealth+)


Message History

Okay, then.
You feel much better.
The swamp worm is engulfed in blazing flames.
The swamp worm misses you.
The tyrant leech is engulfed in a cloud of scalding steam.
The tyrant leech closely misses you.
Casting: Scorch (safe; 1% risk of failure)
Confirm with . or Enter, or press ? or * to list all spells.
You feel a strong surge of power!
Flames lash the tyrant leech.
The tyrant leech is burned terribly!
The tyrant leech is almost dead.
The spriggan rider shouts!
The swamp worm is engulfed in blazing flames.
You kill the swamp worm!
Vehumet accepts your kill.
You feel your power returning.
The tyrant leech is engulfed in a cloud of scalding steam.
You block the tyrant leech's attack.
You hit the bog body. You tail-slap the bog body!
The bog body is moderately damaged.
The bog body is engulfed in blazing flames.
The bog body points at you and mumbles some strange words.
The bolt of cold misses you.
You hear a sizzling sound!
The swamp dragon breathes poison at you.
The blast of poison engulfs you.
You are poisoned.
You hit the bog body. You burn the bog body. You tail-slap the bog body.
The bog body is severely damaged.
You are engulfed in freezing vapours.
* * * LOW HITPOINT WARNING * * *
You feel sick.
The tyrant leech is engulfed in a cloud of scalding steam.
You kill the tyrant leech!
Vehumet accepts your kill.
You feel your power returning.
The bog body is engulfed in blazing flames.
The bog body casts a spell at you. The bolt of cold hits you!!
You feel a terrible chill!
You die...

♣♣♣♣♣♣ ♣♣ ♣~♣
.~~♣.~♣♣♣♣♣♣~♣♣~§.
♣...○○†....♣§~~~
♣.~☼☼○~†....>.~.
♣♣.~~☼○☼☼§~~...~~
♣(§§~§§@○i~~~..~~
♣.~§~~§○n~~~.♣~
♣.~~§~~D§<.§♣♣
♣♣.§§~§....♣♣
♣♣♣♣.§§~~.?..♣♣
~♣♣~~.~~~§~..~.~♣♣
..>~~...~~....~..♣
♣.~§~..~~.>....~.♣
♣~~~~~~~~~~~~~~.~..


You could see a swamp dragon (catching breath), a spriggan rider and a bog body.

Vanquished Creatures
  A hydra (Lair:2)
  An alligator (Swamp:1)
  2 two-headed ogres
  A boulder beetle (Lair:2)
  An orc high priest (Orc:1)
  4 spriggans (Swamp:1)
  A bog body (Lair:3)
  An orc knight (Orc:2)
  7 orc sorcerers
  A black mamba (Lair:3)
  5 cane toads
  A guardian serpent (Lair:2)
  2 torpor snails
  2 rime drakes (Lair:2)
  An unseen horror (D:10)
  A kobold demonologist (D:10)
  3 komodo dragons
  4 trolls
  5 hornets (Swamp:1)
  19 blink frogs
  A tyrant leech (Swamp:1)
  A shadow (D:9)
  39 yaks
  6 wyverns
  A wraith (D:10)
  4 vampire mosquitoes (D:10)
  3 steam dragons
  10 wargs
  2 swamp worms (Swamp:1)
  9 water moccasins
  3 ice beasts
  A black bear (D:5)
  13 orc warriors
  2 ogres (Orc:1)
  16 wolves
  4 centaurs
  A phantom (D:7)
  A kobold brigand (D:7)
  6 bullfrogs
  5 scorpions
  21 wights
  5 killer bees
  4 electric eels (D:9)
  4 hounds
  2 jellies
  7 orc priests
  3 gnoll boudas
  3 iguanas
  38 orc wizards
  3 adders
  14 gnolls
  An ufetubus (D:5)
  4 worms
  A dart slug (D:1)
  69 orcs
  2 ball pythons
  2 bats (D:1)
  An endoplasm (D:4)
  5 giant cockroaches
  2 goblins (D:2)
  3 hobgoblins
  2 quokkas (D:1)
  2 frilled lizards (D:1)
  12 kobolds
  4 bushes
405 creatures vanquished.

Vanquished Creatures (others)
  An orc (Orc:1)
  318 foxfires
  47 fungi
  121 plants
487 creatures vanquished.

Grand Total: 892 creatures vanquished

Notes
Turn   | Place    | Note
-------+----------+-------------------------------------------
     0 | D:1      | Pimp the Demonspawn Fire Elementalist began the quest for
                  | the Orb.
     0 | D:1      | Reached XP level 1. HP: 13/13 MP: 3/3
   229 | D:1      | Found a faded altar of an unknown god.
   310 | D:1      | Gained mutation: A meltable shield of frost defends you.
                  | (SH +0) [demonic ancestry]
   310 | D:1      | Reached XP level 2. HP: 19/19 MP: 3/5
   581 | D:1      | Found Deass's Antique Armour Boutique.
   736 | D:2      | You fall into a shaft and drop 2 floors!
   800 | D:4      | Noticed a bullfrog
   805 | D:4      | Gained mutation: A meltable icy envelope protects you from
                  | harm. (AC +0) [demonic ancestry]
   805 | D:4      | Reached XP level 3. HP: 25/25 MP: 3/6
   815 | D:4      | Killed a bullfrog
   816 | D:4      | Reached skill level 1 in Fighting
   816 | D:4      | Reached skill level 1 in Staves
   816 | D:4      | Reached skill level 1 in Shields
   816 | D:4      | Gained mutation: You may rarely emit foul miasma when
                  | damaged in melee. [demonic ancestry]
   816 | D:4      | Reached XP level 4. HP: 13/32 MP: 0/7
  1311 | D:4      | Noticed a scorpion
  1340 | D:4      | Killed a scorpion
  1341 | D:4      | Reached XP level 5. HP: 14/37 MP: 5/8
  1713 | D:5      | Entered Level 5 of the Dungeon
  1762 | D:5      | Noticed an ice beast
  1767 | D:5      | Learned a level 2 spell: Scorch
  1771 | D:5      | Learned a level 3 spell: Volatile Blastmotes
  1780 | D:5      | Killed an ice beast
  1781 | D:5      | Reached XP level 6. HP: 11/44 MP: 0/10
  2338 | D:5      | Found a staircase to the Ecumenical Temple.
  2357 | Temple   | Entered the Ecumenical Temple
  2390 | Temple   | Became a worshipper of Vehumet
  2463 | D:5      | Found a hazy altar of Hepliaklqana.
  2616 | D:5      | Found an iron altar of Okawaru.
  2662 | D:5      | Gained mutation: You sometimes emit foul miasma when
                  | damaged in melee. [demonic ancestry]
  2662 | D:5      | Reached XP level 7. HP: 41/51 MP: 4/11
  2836 | D:5      | Found a runed translucent gate.
  2837 | D:5      | Found a runed translucent gate.
  2837 | D:5      | Identified the +7 dagger "Moca Sug" {flame, rN+ Int+3}
  2837 | D:5      | Identified the +3 leather armour of Hubris {Harm MP-9
                  | Str+4}
  2838 | D:5      | Found a runed translucent gate.
  2838 | D:5      | Noticed BirdDuck's ghost (novice DsBe)
  2898 | D:5      | Found a burning altar of Makhleb.
  2898 | D:5      | Noticed a cacodemon
  2903 | D:5      | Noticed a smoke demon
  2903 | D:5      | Noticed a neqoxec
  4335 | D:6      | Gained mutation: You have a small tail. [demonic ancestry]
  4335 | D:6      | Reached XP level 8. HP: 40/58 MP: 1/13
  4687 | D:6      | Learned a level 4 spell: Flame Wave
  4748 | D:7      | Found a shadowy altar of Dithmenos.
  5964 | D:7      | Gained mutation: Potions are less effective at restoring
                  | your health. [potion of mutation]
  5964 | D:7      | Gained mutation: Your spells are a little easier to cast,
                  | but a little less powerful. [potion of mutation]
  5964 | D:7      | Gained mutation: You occasionally shout uncontrollably at
                  | your foes. [potion of mutation]
  5964 | D:7      | Gained mutation: You are agile. (Dex +4, Str/Int -1)
                  | [potion of mutation]
  5965 | D:7      | Lost mutation: You occasionally shout uncontrollably at
                  | your foes. [potion of mutation]
  5965 | D:7      | Lost mutation: Your spells are a little easier to cast, but
                  | a little less powerful. [potion of mutation]
  5965 | D:7      | Lost mutation: Potions are less effective at restoring your
                  | health. [potion of mutation]
  5965 | D:7      | Lost mutation: You are agile. (Dex +4, Str/Int -1) [potion
                  | of mutation]
  5965 | D:7      | Gained mutation: Your body sometimes deteriorates upon
                  | taking damage. [potion of mutation]
  6052 | D:8      | Reached skill level 5 in Fire Magic
  6052 | D:8      | Gained mutation: You have a tail ending in a sharp stinger.
                  | [demonic ancestry]
  6052 | D:8      | Reached XP level 9. HP: 45/65 MP: 3/15
  6186 | D:8      | Found a shimmering altar of Xom.
  6552 | D:8      | Found a broken altar of Ashenzari.
  6626 | D:8      | Reached * piety under Vehumet
  6626 | D:8      | Offered knowledge of Sandblast by Vehumet.
  6812 | D:8      | Found Voipron's Distillery.
  6822 | D:8      | Bought a potion of heal wounds for 65 gold pieces
  6822 | D:8      | Bought a potion of heal wounds for 65 gold pieces
  6822 | D:8      | Bought 2 potions of mutation for 208 gold pieces
  6822 | D:8      | Lost mutation: Your body sometimes deteriorates upon taking
                  | damage. [potion of mutation]
  6822 | D:8      | Gained mutation: You have a somewhat thin skeletal
                  | structure. (Dex +2, Stealth+) [potion of mutation]
  7104 | D:8      | Found an opulent altar of Gozag.
  7119 | D:8      | Reached skill level 5 in Conjurations
  7604 | D:9      | Noticed a two-headed ogre
  7609 | D:8      | Reached skill level 5 in Dodging
  7613 | D:8      | Learned a level 1 spell: Sandblast
  7699 | D:8      | Reached skill level 5 in Spellcasting
  7704 | D:8      | Killed a two-headed ogre
  7705 | D:8      | Reached skill level 5 in Fighting
  7913 | D:9      | Found a staircase to the Orcish Mines.
  7917 | D:9      | Identified the ring "Naoreff" {Will+ Str+3 Int+6}
  8038 | D:9      | Gained mutation: You are partially covered in yellow
                  | scales. (AC +2) [demonic ancestry]
  8038 | D:9      | Reached XP level 10. HP: 62/74 MP: 7/17
  8254 | D:9      | Found a shimmering blue altar of Sif Muna.
  8353 | D:9      | Reached skill level 5 in Shields
  8455 | D:9      | Found a staircase to the Lair.
  8592 | D:9      | Reached skill level 5 in Staves
  9982 | D:9      | Reached ** piety under Vehumet
  9982 | D:9      | Offered knowledge of Momentum Strike by Vehumet.
 10049 | D:9      | Reached XP level 11. HP: 72/81 MP: 9/20
 10330 | D:10     | Entered Level 10 of the Dungeon
 10420 | D:10     | Noticed a brown ugly thing
 10424 | D:10     | Found a transporter.
 10424 | D:10     | Noticed a deep elf pyromancer
 10425 | D:10     | Noticed a boulder beetle
 10426 | D:10     | Noticed an orc knight
 10426 | D:10     | Noticed a yaktaur captain
 10430 | D:10     | Noticed a boulder beetle
 10439 | D:10     | Noticed a soul eater
 10468 | D:10     | a salamander changed into a death drake
 10468 | D:10     | Noticed a death drake (shapeshifter)
 10626 | D:10     | Offered knowledge of Mephitic Cloud by Vehumet.
 10631 | D:10     | Learned a level 3 spell: Mephitic Cloud
 10754 | D:10     | Identified the ring of Jequdgho {EV+5 Str+3}
 11355 | D:10     | Identified the +10 hand axe "Faherrus" {flame, rN+ rCorr
                  | Int+2}
 11355 | D:10     | Identified the ring "Firen" {rC- Will+ Dex+4}
 11356 | D:10     | Found a transporter.
 11454 | D:10     | Reached *** piety under Vehumet
 11619 | D:10     | Noticed a two-headed ogre
 11629 | D:10     | Killed a two-headed ogre
 11697 | D:10     | Noticed a two-headed ogre
 11765 | Orc:1    | Entered Level 1 of the Orcish Mines
 11845 | Orc:1    | Reached skill level 1 in Poison Magic
 12122 | Orc:2    | Entered Level 2 of the Orcish Mines
 12464 | Orc:2    | Offered knowledge of Iskenderun's Mystic Blast by Vehumet.
 12728 | Orc:2    | Noticed an orc knight
 12997 | Orc:2    | Found a staircase to the Elven Halls.
 13006 | Orc:1    | Noticed an orc high priest
 13011 | Orc:1    | Reached **** piety under Vehumet
 13014 | Orc:1    | Killed an orc high priest
 13172 | Orc:2    | Offered knowledge of Irradiate by Vehumet.
 13186 | Orc:1    | Learned a level 5 spell: Irradiate
 13215 | Orc:2    | Reached skill level 5 in Poison Magic
 13216 | Orc:2    | Killed an orc knight
 13219 | Orc:2    | Noticed an orc sorcerer
 13289 | Orc:2    | Killed an orc sorcerer
 13290 | Orc:2    | Gained mutation: You are mostly covered in yellow scales.
                  | (AC +3) [demonic ancestry]
 13290 | Orc:2    | Reached XP level 12. HP: 92/92 MP: 15/22
 13646 | Orc:2    | Paralysed by an orc sorcerer for 4 turns
 14023 | Orc:2    | Reached ***** piety under Vehumet
 14025 | Orc:2    | Offered knowledge of Freezing Cloud by Vehumet.
 14731 | Orc:2    | Found Haeluqoo's Armour Emporium.
 14739 | Orc:2    | Bought the +3 salamander hide armour {Flames, rFlCloud rF++
                  | rC--} for 586 gold pieces
 14739 | Orc:2    | Found the +3 salamander hide armour {Flames, rFlCloud rF++
                  | rC--}
 14756 | Orc:2    | Found Iqin's General Store.
 14756 | Orc:2    | Found Woill's Weapon Boutique.
 14798 | Orc:2    | Found Dirioshro's Jewellery Emporium.
 14798 | Orc:2    | Found Bunog's General Store.
 14804 | Orc:2    | Bought the amulet of Brawling {Rampage rN+ Regen+} for 576
                  | gold pieces
 15038 | Lair:1   | Entered Level 1 of the Lair of Beasts
 15839 | Lair:2   | Reached skill level 10 in Poison Magic
 15868 | Lair:2   | Identified the +4 long sword "Pireok" {freeze, rC+ Dex+3
                  | Stlth+}
 16018 | Lair:2   | Noticed a four-headed hydra
 16021 | Lair:2   | Reached skill level 1 in Maces & Flails
 16021 | Lair:2   | Gained mutation: You have a sharp stinger which inflicts
                  | weakening toxins. [demonic ancestry]
 16021 | Lair:2   | Reached XP level 13. HP: 69/103 MP: 21/23
 16398 | Lair:2   | Reached skill level 10 in Fighting
 16491 | Lair:2   | Found the +3 pair of seven-league boots {Rampage+∞}
 16935 | Lair:3   | Found a runed translucent gate.
 16935 | Lair:3   | Found a runed translucent gate.
 16935 | Lair:3   | Found a runed translucent gate.
 16936 | Lair:3   | Noticed jasper's ghost (journeyman SpHu)
 17080 | Lair:3   | Found a staircase to the Swamp.
 17285 | Lair:3   | Found a hole to the Spider Nest.
 17968 | Swamp:1  | Entered Level 1 of the Swamp
 17970 | Swamp:1  | Offered knowledge of Fireball by Vehumet.
 18000 | Swamp:1  | Killed from afar by a bog body

Illustrated notes

Levels and vault maps discovered:
D:1:      dpeg_arrival_castle, layout_rooms, serial_shops, nicolae_square_shop,
          hellmonk_ecumenical_altar_zigzags
D:2:      layout_basic
D:4:      layout_basic
D:5:      layout_basic, makhleb_altar_promises_db, amcnicky_altar_gilded,
          nicolae_tso_carved_into_rock, marbit_many_paths, temple_pool_b,
          biasface_ghost_orc_armoury
D:6:      layout_basic, chequers_serial_rivers_large_b
D:7:      layout_basic, grunt_dithmenos_shadows, minmay_nine_imps
D:8:      layout_loops_ring, mainiacjoe_overflow_tiny_flanked,
          general_overflow_altar, ashenzari_altar_1, serial_shops,
          nicolae_shop_industrial_runoff, minmay_manual_mares
D:9:      layout_loops_ring, elyvilon_altar_4, lemuel_crystal_altar,
          erik_lair_island, minmay_orc_entry_guard_dogs
D:10:     gammafunk_sealed_arena, layout_irregular_city, grunt_ministairs_12,
          corexii_leaking_fountain
Temple:   cyrus_temple_forest
Lair:1:   layout_gridlike, grunt_megastairs_5
Lair:2:   layout_gridlike, chequers_serial_rivers_micro_e,
          hellmonk_guarded_unrand_seven_league_boots
Lair:3:   layout_misc_corridors, skrybe_swamp_entry_bodies,
          nicolae_spider_entry_non_spiders, serial_forest,
          infiniplex_forest_straight_4, infiniplex_forest_clump_large,
          infiniplex_forest_clump_double, infiniplex_forest_clump_small,
          infiniplex_forest_straight_5, ebering_ghost_rock_garden
Swamp:1:  layout_basic_swamp, serial_swamp_ruin, evilmike_swamp_ruin_house_6,
          hangedman_swamp_ruin_wall, evilmike_swamp_ruin_house_1, uniq_frances
Orc:1:    layout_caves, basic_altar
Orc:2:    st_orc_town, layout_caves, serial_shops, shop,
          statue_in_the_mist_lemuel, nicolae_orc_lava_room

Skill      XL: |  1  2  3  4  5  6  7  8  9 10 11 12 13 |
---------------+----------------------------------------+-----
Dodging        | 2 3 4 5 6 |  6.6
Fire Magic     | 3 4 5 6 7 8 |  8.8
Fighting       | 1 2 3 4 5 6 7 9 10 | 10.4
Staves         | 1 2 3 4 5 |  5.6
Shields        | 1 2 3 4 5 6 |  6.1
Conjurations   | 2 3 4 5 6 7 8 |  8.2
Spellcasting   | 3 4 5 6 7 |  7.6
Poison Magic   | 5 10 | 10.0
Maces & Flails | 1 |  1.8
Axes           | |  0.2
Stealth        | |  1.7

Action                     |  1- 3 |  4- 6 |  7- 9 | 10-12 | 13-15 || total
---------------------------+-------+-------+-------+-------+-------++-------
  Melee: Hand axe          |     7 |       |       |       |       ||     7
         Staff             |    21 |    18 |    51 |   193 |    38 ||   321
         Tailslap          |       |       |     7 |    34 |    13 ||    54
   Cast: Foxfire           |    25 |    42 |    21 |   103 |       ||   191
         Scorch            |       |    19 |   103 |   204 |    38 ||   364
         Flame Wave        |       |       |     5 |    34 |     3 ||    42
         Volatile Blastmot |       |       |     2 |     5 |       ||     7
         Irradiate         |       |       |       |     1 |     1 ||     2
         Mephitic Cloud    |       |       |       |       |     1 ||     1
    Use: Scroll            |       |     7 |    14 |     2 |     4 ||    27
         Potion            |       |     3 |    10 |     1 |     5 ||    19
   Stab: Sleeping          |       |     2 |     7 |     3 |       ||    12
 Armour: Robe              |     8 |    13 |    32 |       |       ||    53
         Steam dragon scal |       |       |     7 |   114 |       ||   121
         Leather armour    |       |       |       |     6 |    14 ||    20
  Dodge: Dodged            |    15 |    25 |    74 |   270 |    47 ||   431
  Block: Buckler           |    14 |    24 |    62 |   175 |    22 ||   297

Table legend: (Time is in decaauts)
 A = Elapsed time spent in this place.
 B = Non-inter-level travel time spent in this place.
 C = Inter-level travel time spent in this place.
 D = Time resting spent in this place.
 E = Time spent auto-exploring this place.
 F = Levels seen in this place.
 G = Mean time per level.
                   A        B        C        D        E       F      G
               +--------+--------+--------+--------+--------+-----+--------+
         Total |  18095 |  17026 |   1069 |   5938 |   7263 |  16 | 1130.9 |
       Dungeon |  11873 |  11286 |    587 |   4121 |   4941 |   9 | 1319.2 |
        Temple |     63 |     27 |     36 |      0 |     10 |   1 |   63.0 |
          Lair |   2767 |   2520 |    247 |    234 |   1555 |   3 |  922.3 |
         Swamp |     37 |     37 |      0 |      0 |      0 |   1 |   37.0 |
  Orcish Mines |   3353 |   3156 |    197 |   1583 |    757 |   2 | 1676.5 |
               +--------+--------+--------+--------+--------+-----+--------+

Top non-repeatable levels by time:
     D:9: 2299 daAuts
     D:8: 2026 daAuts
   Orc:1: 1737 daAuts
   Orc:2: 1616 daAuts
     D:6: 1586 daAuts
     D:5: 1444 daAuts
     D:7: 1399 daAuts
    D:10: 1393 daAuts
  Lair:2: 1202 daAuts
     D:4: 979 daAuts
  Lair:3: 823 daAuts
  Lair:1: 741 daAuts
     D:1: 645 daAuts
     D:2: 100 daAuts
  Temple: 63 daAuts
